 Dungeon Crawl Stone Soup version 0.27-a0-819-g058290f16d (webtiles) character file.

Game seed: 13447239861710394495

4 jasper the Sneak (level 1, 0/18 HPs)
             Began as a Demonspawn Delver on Mar 29, 2021.
             Slain by a goblin
             ... wielding a +3 dagger
              (2 damage)
             ... on level 1 of the Dungeon.
             The game lasted 00:01:09 (304 turns).

jasper the Sneak (Demonspawn Delver)                 Turns: 304, Time: 00:01:10

Health: 0/18       AC:  4    Str: 12    XL:     1   Next: 50%
Magic:  1/1        EV: 11    Int: 11    God:
Gold:   8          SH:  0    Dex: 14    Spells: 0/0 levels left

rFire    . . .     SeeInvis .   a - +0 hand axe
rCold    . . .     Faith    .   (no shield)
rNeg     . . .     Spirit   .   b - +0 leather armour
rPois    .         Reflect  .   (no helmet)
rElec    .         Harm     .   h - +0 cloak
rCorr    .         Rampage  .   (no gloves)
Will     .....                  (no boots)
Stlth    ++........             (no amulet)
HPRegen  0.06/turn              (no ring)
MPRegen  0.07/turn              (no ring)

@: hasted, very quick
A: no striking features
a: no special abilities


You were on level 1 of the Dungeon.
You visited 1 branch of the dungeon, and saw 5 of its levels.

You collected 8 gold pieces.

Inventory:

Hand Weapons
 a - a +0 hand axe (weapon)
Armour
 b - a +0 leather armour (worn)
 h - a +0 cloak (worn)
Wands
 g - a wand of digging (2)
Scrolls
 c - a scroll of fog
 d - a scroll of magic mapping


   Skills:
 + Level 3.0 Fighting
 - Level 1.7(1.8) Axes
 * Level 0.5(1.2) Maces & Flails
 + Level 0.2 Armour
 - Level 1.7 Dodging
 - Level 4.5 Stealth


You couldn't memorise any spells.
You didn't know any spells.
Your spell library was empty.

Dungeon Overview and Level Annotations

Branches:
Dungeon (5/15)
 Temple: D:4-7

Altars:


Message History

A goblin comes into view. It is wielding a +3 dagger.
The goblin shouts!
A goblin is nearby!
A goblin is nearby!
You closely miss the goblin. The goblin hits you with a +3 dagger.
You take 4 damage, and have 14/18 hp.
MASSIVE DAMAGE!!
You closely miss the goblin. The goblin hits you with a +3 dagger.
You take 4 damage, and have 10/18 hp.
MASSIVE DAMAGE!!
You closely miss the goblin. The goblin hits you with a +3 dagger.
You take 2 damage, and have 8/18 hp.
You barely miss the goblin. The goblin barely misses you.
The goblin hits you with a +3 dagger.
* * * LOW HITPOINT WARNING * * *
You take 5 damage, and have 3/18 hp.
MASSIVE DAMAGE!!
You closely miss the goblin. The goblin closely misses you.
As you read the scroll of fear, it crumbles to dust.
You assume a fearsome visage.
The goblin looks frightened!
As you read the scroll labelled SESTRU ALUO, it crumbles to dust.
You feel strangely unstable.
It was a scroll of teleportation.
Your surroundings suddenly seem different.
Found 15 stones.
A bat comes into view.
The helpless bat fails to defend itself.
You slash the bat!
You kill the bat!
A bat comes into view.
You see here a bat corpse.
A bat is nearby!
You start resting.
A goblin is nearby!
Aiming: Dig
Press: ? - help, Shift-Dir - straight line A rock wall.
The rock shatters into small pieces.
You feel yourself speed up.
You closely miss the goblin. The goblin hits you with a +3 dagger.
* * * LOW HITPOINT WARNING * * *
You take 4 damage, and have 2/18 hp.
MASSIVE DAMAGE!!
You hit the goblin but do no damage. The goblin hits you with a +3 dagger.
You die...

#.........#
##.........#
##.##########
##.## ##.##
##.## ##.##
##g## #@##
###


You could see a goblin.

Vanquished Creatures
  2 hobgoblins (D:1)
  A bat (D:1)
  A frilled lizard (D:1)
4 creatures vanquished.

Notes
Turn   | Place    | Note
-------+----------+-------------------------------------------
     0 | D:5      | jasper the Demonspawn Delver began the quest for the Orb.
     0 | D:5      | Reached XP level 1. HP: 18/18 MP: 1/1
    19 | D:5      | Noticed a hound
    30 | D:4      | Noticed an iguana
    73 | D:4      | Noticed a black bear
   304 | D:1      | Slain by a goblin

Illustrated notes

Levels and vault maps discovered:
D:1:      tarquinn_simple_flora_water_c, layout_rooms, serial_shops,
          nicolae_shop_waterfront
D:2:      layout_rooms
D:3:      layout_basic, lemuel_round_altar, led_xom_imps,
          chequers_ecumenical_altar_simple
D:4:      layout_basic, lemuel_round_altar, lemuel_doored_altar, serial_shops,
          shop_fountains, minmay_vboxes
D:5:      layout_basic, nicolae_tso_swordbearing_angel,
          minmay_temple_entry_arrows, uniq_eustachio

Action                   || total
-------------------------++-------
Melee: Hand axe          ||    18
Evoke: Wand              ||     1
  Use: Scroll            ||     2
       Potion            ||     1
 Stab: Sleeping          ||     1
Armor: Leather armour    ||     2
Dodge: Dodged            ||     5

Table legend: (Time is in decaauts)
 A = Elapsed time spent in this place.
 B = Non-inter-level travel time spent in this place.
 C = Inter-level travel time spent in this place.
 D = Time resting spent in this place.
 E = Time spent auto-exploring this place.
 F = Levels seen in this place.
 G = Mean time per level.
                   A        B        C        D        E       F      G
               +--------+--------+--------+--------+--------+-----+--------+
         Total |    304 |    302 |      2 |     91 |     52 |   5 |   60.8 |
       Dungeon |    304 |    302 |      2 |     91 |     52 |   5 |   60.8 |
               +--------+--------+--------+--------+--------+-----+--------+

Top non-repeatable levels by time:
     D:1: 163 daAuts
     D:4: 59 daAuts
     D:3: 47 daAuts
     D:5: 30 daAuts
     D:2: 2 daAuts
